 Dungeon Crawl Stone Soup version 0.19.5 (webtiles) character file.

72 JeffiDaFish the Digger (level 4, 0/24 HPs)
             Began as a Gargoyle Earth Elementalist on Mar 28, 2017.
             Slain by Sigmund
             ... wielding a +2 scythe of protection
              (9 damage)
             ... on level 2 of the Dungeon.
             The game lasted 00:06:48 (1751 turns).

JeffiDaFish the Digger (GrEE)                       Turns: 1751, Time: 00:06:49

Health: 0/24       AC:  7    Str: 12    XL:     4   Next: 25%
Magic:  2/8        EV: 12    Int: 15    God:
Gold:   50         SH:  0    Dex: 11    Spells: 2 memorised, 5 levels left

rFire  . . .     SeeInvis .     g - +0 flail
rCold  . . .     Gourm    .     f - +0 leather armour
rNeg   + . .     Faith    .     (no shield)
rPois  ∞         Spirit   .     j - +0 helmet
rElec  +         Reflect  .     (no cloak)
rCorr  .         Harm     .     (no gloves)
MR     .....                    (no boots)
Stlth  ++........               (no amulet)
                                (no ring)
                                (no ring)

@: very slightly contaminated
A: mutation resistance 1, negative energy resistance 1, electricity resistance,
unbreathing, petrification resistance, rot immunity, AC +3
a: no special abilities


You were on level 2 of the Dungeon.
You were not hungry.

You visited 1 branch of the dungeon, and saw 2 of its levels.

You collected 50 gold pieces.

Inventory:

Hand Weapons
 g - a +0 flail (weapon)
Missiles
 b - 123 stones (quivered)
Armour
 f - a +0 leather armour (worn)
 j - a +0 helmet (worn)
Scrolls
 c - a scroll of blinking
Potions
 h - a potion of cancellation
 i - a potion of brilliance
Books
 e - a book of Geomancy

   Spells                             Type                      Level
   a - Sandblast                      Earth                        1
   b - Passwall                       Transmutation/Earth          2
   c - Stone Arrow                    Conjuration/Earth            3
   d - Petrify                        Transmutation/Earth          4
   e - Lee's Rapid Deconstruction     Earth                        5
Comestibles
 d - a bread ration


   Skills:
 + Level 0.0 Fighting
 + Level 0.6 Maces & Flails
 + Level 0.4 Armour
 - Level 2.2 Dodging
 - Level 2.2 Stealth
 * Level 3.0 Spellcasting
 + Level 0.0 Conjurations
   Level 0.7 Transmutations
 * Level 4.2 Earth Magic


You had 5 spell levels left.
You knew the following spells:

 Your Spells              Type           Power        Failure   Level  Hunger
a - Sandblast             Erth           ##....       6%          1    #......
b - Stone Arrow           Conj/Erth      #.....       38%         3    ###....


Dungeon Overview and Level Annotations

Branches:
Dungeon (2/15)

Altars:

Annotations:
D:2 Sigmund


Innate Abilities, Weirdness & Mutations

You are resistant to torment.
Your stone body is resilient. (AC +3)
You are immune to poison.
You resist negative energy. (rN+)
You are resistant to electric shocks. (rElec)
You can survive without breathing.
You are immune to petrification.
You are immune to rotting.
You are somewhat resistant to further mutation.


Message History

Press: ? - help, Shift-Dir - straight line, f/p - Sigmund
Aim: Sigmund, wielding a scythe of protection and wearing a robe (lightly wounded)
The blast of sand hits Sigmund.
Sigmund is lightly wounded.
Sigmund hits you from afar with a scythe of protection.
The adder bites you. Sigmund says, "I'm your fate." The adder bites you.
Sigmund gestures wildly while chanting.
Sigmund flickers and vanishes!
Deactivating autopickup; reactivate with Ctrl-A.
The adder barely misses you. The adder closely misses you.
You hit the adder.
The adder is moderately wounded.
The adder barely misses you. The adder bites you but does no damage.
You hit the adder.
The adder is severely wounded.
The adder barely misses you. Something hits you!
You die...

... #..........'.># ....
#.#........##### ...### +#
#........#...# ###....# .##
#........'.#.# ...##.####...
#........###.# #..#.....#
########## #.# #..#.....####
#.#
#...........##############.#
#..$.#.#.......S@............#
######.#..#.#.#####..#########
#$##...#....<#..#
#.##.###.###....# #.##.# ###
#.#.## #....# #.#.# ###### #
#.# ...


You could see an adder.

Vanquished Creatures
  Robin (D:2)
  A gnoll (D:1)
  2 worms (D:2)
  2 bats (D:1)
  3 giant cockroaches
  9 goblins
  8 hobgoblins
  3 jackals (D:2)
  2 kobolds
  A quokka (D:2)
  2 frilled lizards
  6 rats
40 creatures vanquished.

Notes
Turn   | Place    | Note
-------+----------+-------------------------------------------
     0 | D:1      | JeffiDaFish the Gargoyle Earth Elementalist began the quest for the Orb.
     0 | D:1      | Reached XP level 1. HP: 10/10 MP: 3/3
   436 | D:1      | Reached XP level 2. HP: 13/15 MP: 0/5
   624 | D:1      | Reached skill level 4 in Earth Magic
   635 | D:1      | Reached XP level 3. HP: 17/19 MP: 6/6
   645 | D:1      | Gained mutation: You are somewhat resistant to further mutation. [potion of beneficial mutation]
   893 | D:2      | Noticed Robin
   907 | D:2      | Killed Robin
  1333 | D:2      | Reached XP level 4. HP: 14/24 MP: 8/8
  1532 | D:2      | Learned a level 3 spell: Stone Arrow
  1732 | D:2      | Noticed Sigmund
  1751 | D:2      | Slain by Sigmund

Skill      XL: |  1  2  3  4 |
---------------+-------------+-----
Dodging        | 2 |  2.2
Earth Magic    | 4 |  4.2
Spellcasting   | 3 |  3.0
Maces & Flails | |  0.6
Armour         | |  0.4
Stealth        | |  2.2
Transmutations | |  0.7

Action                   |  1- 3 |  4- 6 || total
-------------------------+-------+-------++-------
Melee: Unarmed           |     2 |       ||     2
       Flail             |    95 |    48 ||   143
 Cast: Sandblast         |    25 |     6 ||    31
       Stone Arrow       |       |     3 ||     3
  Use: Scroll            |     4 |       ||     4
       Potion            |     3 |       ||     3
 Stab: Sleeping          |     2 |       ||     2
  Eat: Chunk             |     2 |     2 ||     4
Armor: Leather armour    |    51 |    19 ||    70
Dodge: Dodged            |    86 |    35 ||   121
